 Dungeon Crawl Stone Soup version 0.22-a0-469-gf26638a (webtiles) character file.

8501 Darkshadow the Basher (level 11, -10/94 HPs)
             Began as a Minotaur Berserker on June 12, 2018.
             Was an Elder of Trog.
             Mangled by an orc warrior
             ... wielding a cursed -3 long sword
              (25 damage)
             ... on level 10 of the Dungeon.
             The game lasted 01:11:34 (13953 turns).

Darkshadow the Basher (Minotaur Berserker)         Turns: 13953, Time: 01:11:35

Health: -10/94     AC:  7    Str: 26    XL:     11   Next: 10%
Magic:  10/10      EV: 12    Int:  4    God:    Trog [****..]
Gold:   154        SH:  6    Dex: 11    Spells: 10/10 levels left

rFire    . . .     SeeInvis .   a - +0 morningstar
rCold    + . .     Gourm    .   r - +0 buckler
rNeg     . . .     Faith    .   B - +0 scale mail
rPois    .         Spirit   .   (helmet restricted)
rElec    .         Reflect  .   (no cloak)
rCorr    .         Harm     .   (no gloves)
MR       .....                  (no boots)
Stlth    ..........             (no amulet)
HPRegen  0.25/turn              J - ring of protection from cold
MPRegen  0.12/turn              D - +2 ring of strength

@: lethally poisoned (-10 -> -11), berserk cooldown
A: retaliatory headbutt, horns 2
a: Berserk, Trog's Hand, Brothers in Arms, Renounce Religion


You were on level 10 of the Dungeon.
You worshipped Trog.
Trog was greatly pleased with you.
You were hungry.

You visited 2 branches of the dungeon, and saw 11 of its levels.
You also visited: Ossuary.

You collected 531 gold pieces.
You spent 377 gold pieces at shops.

Inventory:

Hand Weapons
 a - a +0 morningstar (weapon)
 b - a +0 hunting sling
 l - a +0 mace of electrocution
 I - a +2 vampiric morningstar
 L - a +0 hunting sling
 M - a +0 quarterstaff
Missiles
 j - 341 stones
 k - 83 sling bullets (quivered)
 H - 3 throwing nets
Armour
 o - a +0 animal skin
 r - a +0 buckler (worn)
 t - a +1 leather armour
 B - a +0 scale mail (worn)
 P - a +0 naga barding
Jewellery
 m - an uncursed ring of stealth
 w - a +3 ring of slaying
 C - an uncursed ring of protection from fire
 D - a +2 ring of strength (right hand)
 J - a ring of protection from cold (left hand)
 N - an uncursed amulet of the acrobat {unknown}
Wands
 y - a wand of paralysis (28)
 G - a wand of acid (10)
 K - a wand of digging (13)
Scrolls
 d - a scroll of torment {unknown}
 f - 3 scrolls of magic mapping
 h - 2 scrolls of teleportation
 i - 5 scrolls of remove curse {@r2}
 n - 3 scrolls of enchant armour
 Q - a scroll of identify {@r1}
Potions
 e - 3 potions of resistance
 g - 3 potions of heal wounds
 p - a potion of cancellation {unknown}
 q - 2 potions of magic
 s - 5 potions of might
 u - 2 potions of mutation {unknown}
 v - a potion of flight {unknown}
 x - a potion of ambrosia {unknown}
 z - 7 potions of curing {@q1}
 A - 3 potions of agility
 E - a potion of lignification {unknown}
 F - a potion of degeneration {unknown}
 O - a potion of brilliance {unknown}
Comestibles
 c - 13 rations


   Skills:
 * Level 8.0 Fighting
 * Level 14.6 Maces & Flails
 + Level 6.1 Armour
 + Level 5.5 Dodging
 - Level 9.4 Shields


You had 10 spell levels left.
You didn't know any spells.
Your spell library was empty.

Dungeon Overview and Level Annotations

Branches:
Dungeon (10/15)            Temple (1/1) D:5            Lair (0/6) D:10
    Orc (0/2) D:10

Altars:
Ashenzari
Cheibriados
Dithmenos
Elyvilon
Fedhas
Gozag
Hepliaklqana
Kikubaaqudgha
Makhleb
Nemelex Xobeh
Okawaru
Qazlal
Ru
Sif Muna
Trog
Uskayaw
Vehumet
Wu Jian
Xom
Yredelemnul
Zin
The Shining One

Shops:
D:4 :   D:6 }   D:9 ?   D:10 (

Annotations:
D:7 exclusion: downstairs


Innate Abilities, Weirdness & Mutations

You reflexively headbutt those who attack you in melee.
You have a pair of horns on your head.


Message History

* * * LOW HITPOINT WARNING * * *
You feel sick. Something hits you but does no damage.
As you read the scroll of teleportation, it crumbles to dust.
You feel strangely unstable.
You feel sick. Something hits you.
* * * LOW HITPOINT WARNING * * *
Okay, then.
Your surroundings suddenly seem different.
The orc warrior shouts!
You feel sick.
You feel sick.
You feel sick.
You feel sick. You block the orc warrior's attack.
You feel yourself speed up.
The orc warrior evokes its amulet.
The orc warrior goes berserk!
You feel sick. The orc warrior barely misses you.
You block the orc warrior's attack.
There is a stone staircase leading up, spattered with blood here.
You see here an arrow.
The orc warrior hits you with an enchanted long sword!!
You die...

#........###########
#..>...............
#.########.....[.# #.#
#.......# #.......#
#.......# #.......#
#####....o..###############
........∩..@....)...........
#######..###(###.##########.
##.).(.# #.# #..>..# #.# #.
#....## #.# #. ###### #.# #.
#.# #. #.# #. #.# #.


You could see an orc warrior (berserk).

Vanquished Creatures
  Pikel (D:5)
  An ugly thing (D:8)
  Joseph (D:8)
  Grinder (D:6)
  4 hippogriffs
  A spriggan (D:7)
  2 wraiths
  Grum (D:9)
  A hungry ghost (D:8)
  4 wargs
  Duvessa (D:5)
  A hell hound (D:10)
  2 sky beasts
  2 orc warriors (D:10)
  5 ice beasts
  4 slaves
  2 necrophages
  5 ogres
  2 phantoms (D:8)
  3 centaurs
  3 wolves (D:9)
  2 big kobolds
  A crocodile (D:10)
  An elf zombie (D:8)
  6 bullfrogs
  4 scorpions
  Dowan (D:5)
  3 killer bees (D:8)
  A troll zombie (D:8)
  A howler monkey (D:5)
  A wight (D:8)
  4 crimson imps
  A quasit (D:10)
  2 bullfrog zombies
  2 centaur zombies
  6 hounds
  A jelly (D:10)
  2 orc priests
  4 human zombies (D:8)
  5 iguanas
  Terence (D:2)
  4 orc wizards
  4 worker ants
  2 hound skeletons
  4 mummies
  A worker ant zombie (D:5)
  4 gnolls (D:7)
  A howler monkey zombie (D:6)
  12 adders
  A howler monkey skeleton (D:5)
  4 shadow imps
  3 oozes
  6 worms
  An adder zombie (D:7)
  3 dart slugs
  3 leopard geckos
  18 orcs
  2 ball pythons (D:2)
  5 giant cockroaches
  3 gnoll zombies (Ossuary)
  11 hobgoblins
  5 jackals
  12 kobolds
  5 quokkas
  5 bats
  3 frilled lizards (D:2)
  10 goblins
  A goblin zombie (Ossuary)
  4 hobgoblin zombies (Ossuary)
  A jackal zombie (D:7)
  3 kobold zombies (Ossuary)
  A leopard gecko skeleton (D:4)
  2 orc zombies (D:8)
  8 rats
  2 butterflies (D:5)
250 creatures vanquished.

Vanquished Creatures (collateral kills)
  A hell hound (D:10)
1 creature vanquished.

Grand Total: 251 creatures vanquished

Notes
Turn   | Place    | Note
-------+----------+-------------------------------------------
     0 | D:1      | Darkshadow the Minotaur Berserker began the quest for the Orb.
     0 | D:1      | Reached XP level 1. HP: 19/19 MP: 0/0
   255 | D:1      | Reached XP level 2. HP: 27/27 MP: 1/1
   524 | D:2      | Reached skill level 4 in Maces & Flails
   524 | D:2      | Reached XP level 3. HP: 30/33 MP: 2/2
   579 | D:2      | Noticed an ogre
   592 | D:2      | Killed an ogre
   592 | D:2      | Reached XP level 4. HP: 41/41 MP: 3/3
   726 | D:2      | Reached ** piety under Trog
   799 | D:2      | Reached XP level 5. HP: 47/47 MP: 4/4
  1170 | D:2      | Noticed Terence
  1176 | D:2      | Killed Terence
  1418 | D:3      | Reached skill level 5 in Fighting
  1440 | D:3      | Found a faded altar of an unknown god.
  1451 | D:3      | Reached skill level 5 in Maces & Flails
  1538 | D:3      | Reached *** piety under Trog
  1558 | D:3      | Found a sparkling altar of Nemelex Xobeh.
  2014 | D:4      | Found a sand-covered staircase.
  2020 | Ossuary  | Entered an ossuary
  2020 | Ossuary  | Noticed a wraith
  2020 | Ossuary  | Noticed a wraith
  2020 | Ossuary  | Noticed a wraith
  2266 | Ossuary  | Reached XP level 6. HP: 55/56 MP: 5/5
  2274 | Ossuary  | Noticed a wraith
  2289 | Ossuary  | Killed a wraith
  2289 | Ossuary  | Reached skill level 6 in Maces & Flails
  3372 | D:4      | Reached skill level 7 in Maces & Flails
  3744 | D:4      | Found a white marble altar of Elyvilon.
  3744 | D:4      | Found a shadowy altar of Dithmenos.
  3887 | D:4      | Noticed a sky beast
  3896 | D:4      | Killed a sky beast
  3896 | D:4      | Reached skill level 1 in Shields
  3896 | D:4      | Reached XP level 7. HP: 44/61 MP: 6/6
  4077 | D:4      | Found Neoseosm's Book Emporium.
  4097 | D:4      | Found a burning altar of Makhleb.
  4458 | D:5      | Entered Level 5 of the Dungeon
  4464 | D:5      | Reached skill level 8 in Maces & Flails
  4617 | D:5      | Noticed Dowan
  4618 | D:5      | Noticed Duvessa
  4888 | D:6      | Found Syptuv's Gadget Shoppe.
  5188 | D:6      | Bought a wand of paralysis (13) for 210 gold pieces
  5260 | D:5      | Noticed Pikel
  5550 | D:6      | Reached skill level 9 in Maces & Flails
  5975 | D:6      | Reached XP level 8. HP: 68/68 MP: 7/7
  6060 | D:6      | Noticed Grinder
  6124 | D:6      | Paralysed by Grinder for 2 turns
  6148 | D:6      | Killed Grinder
  6392 | D:6      | Reached skill level 10 in Maces & Flails
  7460 | D:5      | Killed Dowan
  7460 | D:5      | Reached skill level 5 in Shields
  7718 | D:5      | Killed Duvessa
  7718 | D:5      | Reached **** piety under Trog
  7746 | D:5      | Found a staircase to the Ecumenical Temple.
  7758 | Temple   | Entered the Ecumenical Temple
  8002 | D:5      | Killed Pikel
  8002 | D:5      | Reached skill level 11 in Maces & Flails
  8002 | D:5      | Reached XP level 9. HP: 74/74 MP: 8/8
  8963 | D:7      | Found an ancient bone altar of Kikubaaqudgha.
  8992 | D:7      | Reached skill level 12 in Maces & Flails
  9190 | D:7      | Received a gift from Trog
 10088 | D:8      | Found a sparkling altar of Nemelex Xobeh.
 10160 | D:8      | Noticed a red ugly thing
 10229 | D:8      | Reached skill level 13 in Maces & Flails
 10403 | D:8      | Killed a red ugly thing
 10427 | D:8      | Reached XP level 10. HP: 60/81 MP: 9/9
 10651 | D:8      | Noticed Joseph
 10661 | D:8      | Killed Joseph
 10823 | D:8      | Found a basalt altar of Yredelemnul.
 10838 | D:8      | You fall through a shaft!
 10849 | D:9      | Found Nyosolar's Magic Scroll Emporium.
 10862 | D:9      | Reached skill level 14 in Maces & Flails
 11174 | D:8      | Found a shimmering altar of Xom.
 11882 | D:9      | Reached ***** piety under Trog
 12039 | D:9      | Noticed Grum
 12048 | D:9      | Reached skill level 5 in Armour
 12055 | D:9      | Killed Grum
 12366 | D:9      | Bought a scroll of teleportation for 39 gold pieces
 12487 | D:10     | Entered Level 10 of the Dungeon
 12541 | D:10     | Found Xytyuf's Antique Weapon Boutique.
 12542 | D:10     | Found a staircase to the Orcish Mines.
 12555 | D:9      | Reached skill level 5 in Dodging
 12831 | D:10     | Bought a morningstar for 128 gold pieces
 13296 | D:10     | Reached XP level 11. HP: 85/93 MP: 10/10
 13314 | D:10     | Noticed a six-headed hydra
 13317 | D:10     | Paralysed by a floating eye for 2 turns
 13347 | D:10     | Found a staircase to the Lair.
 13933 | D:10     | HP: 4/94 [something (3)]
 13953 | D:10     | Mangled by an orc warrior

Vault maps used:
D:1:      tarquinn_simple_flora_water_b
D:2:      serial_glass, glass_columns_b, glass_columns_a, uniq_terence
D:3:      chequers_ecumenical_altar_simple_redux, nemelex_spade_bored_becter
D:4:      gammafunk_temple_overflow_wave, old_standard_altar, first_ration,
          serial_shops, kennysheep_mini_moat, nicolae_ossuary_entry_plus,
          minmay_misc_feat_iff
D:5:      corexii_shack_village, minmay_temple_entry_butterflies,
          minmay_misc_feat_tower, grunt_decor_arrowhead, uniq_pikel,
          uniq_duvessa
D:6:      serial_shops, nicolae_shop_crystal, corexii_shack,
          kennysheep_windowed_goal, uniq_grinder
D:7:      basic_altar, hangedman_abyss_or_decor_stabs, the_bakery
D:8:      lemuel_doored_altar, lemuel_mausoleum_altar_yredelemnul, basic_altar,
          uniq_joseph
D:9:      serial_shops, shop, uniq_grum
D:10:     minmay_lair_entry_lava, minmay_orc_entry_guard_dogs, serial_shops,
          shop, onia_ninara_cookie
Temple:   minmay_crystal_spiral_temple
Ossuary:  ossuary_kennysheep_city_of_the_dead

Skill      XL: |  1  2  3  4  5  6  7  8  9 10 11 |
---------------+----------------------------------+-----
Fighting       | 4 5 7 8 |  8.0
Maces & Flails | 4 5 7 9 11 13 14 | 14.6
Armour         | 3 4 5 6 |  6.1
Dodging        | 3 5 |  5.5
Shields        | 1 3 6 8 9 |  9.4

Action                   |  1- 3 |  4- 6 |  7- 9 | 10-12 || total
-------------------------+-------+-------+-------+-------++-------
Melee: Mace              |    24 |   112 |   186 |   185 ||   507
       Headbutt          |     4 |    24 |    32 |    51 ||   111
       Hunting sling     |       |       |     1 |       ||     1
       Morningstar       |       |       |       |    69 ||    69
 Fire: Hunting sling     |       |    76 |   102 |    39 ||   217
Throw: Stone             |     5 |    22 |       |       ||    27
Invok: Berserk           |     1 |     2 |     6 |     4 ||    13
       Trog's Hand       |       |       |     1 |     2 ||     3
       Brothers in Arms  |       |       |       |     1 ||     1
  Use: Scroll            |       |    11 |     3 |     6 ||    20
       Potion            |       |       |     1 |     2 ||     3
 Stab: Sleeping          |       |       |     1 |       ||     1
  Eat: Chunk             |       |     4 |    13 |     9 ||    26
       Ration            |       |     2 |     4 |     2 ||     8
Armor: Animal skin       |     3 |    18 |       |       ||    21
       Leather armour    |       |       |     9 |       ||     9
       Scale mail        |       |       |    27 |    68 ||    95
Dodge: Dodged            |    17 |    71 |    95 |   112 ||   295
Block: Buckler           |       |       |    52 |    59 ||   111

Table legend:
 A = Spawn XP
 B = Non-spawn XP
 C = Spawn XP percentage of total XP
 D = Spawn monster count
 E = Non-spawn monster count
 F = Spawn count percentage of total count
 G = Total turns spent on level
                    A         B        C        D         E        F      G
               +---------+---------+-------+---------+---------+-------+---------
         Total |       0 |   12145 |   0.0 |       0 |     245 |   0.0 | 13953
               +---------+---------+-------+---------+---------+-------+---------
           D:1 |       0 |      28 |   0.0 |       0 |      12 |   0.0 |   518
           D:2 |       0 |     246 |   0.0 |       0 |      31 |   0.0 |   776
           D:3 |       0 |      87 |   0.0 |       0 |      21 |   0.0 |  1125
           D:4 |       0 |     245 |   0.0 |       0 |      12 |   0.0 |  1224
           D:5 |       0 |    1412 |   0.0 |       0 |      24 |   0.0 |  1327
           D:6 |       0 |     862 |   0.0 |       0 |      19 |   0.0 |  2401
           D:7 |       0 |    1165 |   0.0 |       0 |      20 |   0.0 |  1730
           D:8 |       0 |    3190 |   0.0 |       0 |      43 |   0.0 |  1294
           D:9 |       0 |    2233 |   0.0 |       0 |      17 |   0.0 |   989
          D:10 |       0 |    2412 |   0.0 |       0 |      31 |   0.0 |  1401
       Ossuary |       0 |     265 |   0.0 |       0 |      15 |   0.0 |  1000
               +---------+---------+-------+---------+---------+-------+---------
